TOP OF THE 1ST |
Newark Bulldogs batting - Pitching for Butler White Sox : LHP Francisco Rodríguez
|
Pitching: LHP Francisco Rodríguez
|
|
Batting: LHB Gerardo Guzmán
|
0-0: Ball 1-0: Called Strike 1-1: Ball 2-1: Called Strike 2-2: Ball 3-2: Ground out U3 (Groundball, 34S)
|
Batting: RHB Peter Sexton
|
0-0: Foul Ball, location: 2F 0-1: Ball 1-1: Ball 2-1: Ball 3-1: Base on Balls
|
Batting: RHB Ken McDonald
|
0-0: Called Strike 0-1: Ball 1-1: Ball 2-1: Swinging Strike 2-2: Foul Ball, location: 2F 2-2: Foul Ball, location: 2F 2-2: Ball 3-2: Fly out, F8 (Flyball, 78S)
|
Batting: RHB Norris Howard
|
0-0: Called Strike 0-1: Ball 1-1: Ball 2-1: Ball 3-1: Foul Ball, location: 2F 3-2: Base on Balls Peter Sexton to second
|
Batting: RHB Joe Baker
|
0-0: Ball 1-0: Called Strike 1-1: Called Strike 1-2: Ball 2-2: Foul Ball, location: 2F 2-2: Foul Ball, location: 2F 2-2: Foul Ball, location: 2F 2-2: Foul Ball, location: 2F 2-2: Strikes out swinging
|
Top of the 1st over - 0 run(s), 0 hit(s), 0 error(s), 2 left on base; Newark 0 - Butler 0 |
BOTTOM OF THE 1ST |
Butler White Sox batting - Pitching for Newark Bulldogs : RHP Chris Johns
|
Pitching: RHP Chris Johns
|
|
Batting: RHB Jerry Moore
|
0-0: Ball 1-0: SINGLE (Groundball, 6MD)
|
Batting: RHB Luis Fuentes
|
0-0: Called Strike 0-1: Ball 1-1: Ball Jerry Moore steals 2nd base 2-1: DOUBLE (Groundball, 3L) Jerry Moore scores
|
Batting: RHB Luis Ramos
|
0-0: 2-RUN HOME RUN (Flyball, 7D), Distance : 353 ft
|
Batting: RHB Bobby Murdock
|
0-0: Swinging Strike 0-1: Foul Ball, location: 2F 0-2: Ball 1-2: Ball 2-2: Fly out, F3 (Popup, 34S)
|
Batting: LHB Thomas Dixon
|
0-0: Ball 1-0: Ground out 1-3 (Groundball, 13S)
|
Batting: LHB Sean Perkins
|
0-0: Called Strike 0-1: Called Strike 0-2: Fly out, F5 (Popup, 5L)
|
Bottom of the 1st over - 3 run(s), 3 hit(s), 0 error(s), 0 left on base; Newark 0 - Butler 3 |
TOP OF THE 2ND |
Newark Bulldogs batting - Pitching for Butler White Sox : LHP Francisco Rodríguez
|
Batting: RHB Tony Long
|
0-0: Ball 1-0: SINGLE (Flyball, 8LS)
|
Batting: LHB Wes Thompson
|
0-0: Ball 1-0: Called Strike 1-1: Called Strike 1-2: Ball 2-2: Strikes out swinging
|
Batting: LHB Gabriel Aragón
|
0-0: Ball 1-0: Ball 2-0: Foul Ball, location: 2F 2-1: Foul Ball, location: 2F 2-2: Ball 3-2: Fly out, F9 (Flyball, 9D)
|
Batting: RHB Stan Simpson
|
0-0: Foul Ball, location: 2F 0-1: Swinging Strike 0-2: Ground out 6-3 (Groundball, 6M)
|
Top of the 2nd over - 0 run(s), 1 hit(s), 0 error(s), 1 left on base; Newark 0 - Butler 3 |
BOTTOM OF THE 2ND |
Butler White Sox batting - Pitching for Newark Bulldogs : RHP Chris Johns
|
Batting: LHB Jim Knight
|
0-0: Foul Ball, location: 2F 0-1: Fly out, F8 (Flyball, 78D)
|
Batting: RHB Tom Lang
|
0-0: Ball 1-0: SINGLE (Groundball, 56D)
|
Batting: LHB Josh Pérez
|
0-0: Ball 1-0: Called Strike 1-1: Foul Ball, location: 2F 1-2: Fly out, F7 (Flyball, 78D)
|
Batting: RHB Jerry Moore
|
0-0: Ball 1-0: Foul Ball, location: 2F 1-1: Ball 2-1: TRIPLE (Line Drive, 8RM) Tom Lang scores
|
Batting: RHB Luis Fuentes
|
0-0: Called Strike 0-1: Swinging Strike 0-2: Ball 1-2: Ground out 6-3 (Groundball, 6)
|
Bottom of the 2nd over - 1 run(s), 2 hit(s), 0 error(s), 1 left on base; Newark 0 - Butler 4 |
TOP OF THE 3RD |
Newark Bulldogs batting - Pitching for Butler White Sox : LHP Francisco Rodríguez
|
Batting: LHB Gerardo Guzmán
|
0-0: Called Strike 0-1: Ball 1-1: Foul Ball, location: 2F 1-2: Ball 2-2: Strikes out swinging
|
Batting: RHB Peter Sexton
|
0-0: Called Strike 0-1: Ball 1-1: DOUBLE (Groundball, 5L)
|
Batting: RHB Ken McDonald
|
0-0: Ball 1-0: Ball 2-0: Foul Ball, location: 2F 2-1: SINGLE (Line Drive, 56D) Peter Sexton to third Runner from 3rd tries for Home, throw and OUT! Ken McDonald to second
|
Batting: RHB Norris Howard
|
0-0: Called Strike 0-1: Ball 1-1: Ball 2-1: Swinging Strike 2-2: Ball 3-2: Foul Ball, location: 2F 3-2: Base on Balls
|
Batting: RHB Joe Baker
|
0-0: Called Strike 0-1: Ball 1-1: Fly out, F8 (Flyball, 89D)
|
Top of the 3rd over - 0 run(s), 2 hit(s), 0 error(s), 2 left on base; Newark 0 - Butler 4 |
BOTTOM OF THE 3RD |
Butler White Sox batting - Pitching for Newark Bulldogs : RHP Chris Johns
|
Batting: RHB Luis Ramos
|
0-0: Called Strike 0-1: Swinging Strike 0-2: Ball 1-2: Ball 2-2: Ball 3-2: Fly out, F8 (Flyball, 8LD)
|
Batting: RHB Bobby Murdock
|
0-0: Ball 1-0: Ball 2-0: Called Strike 2-1: Ball 3-1: Called Strike 3-2: SINGLE (Groundball, 56S) (infield hit)
|
Batting: LHB Thomas Dixon
|
0-0: Called Strike 0-1: Ball 1-1: Foul Ball, location: 2F 1-2: SINGLE (Flyball, 89S) Bobby Murdock to second
|
Batting: LHB Sean Perkins
|
0-0: SINGLE (Line Drive, 4D) Bobby Murdock to third Thomas Dixon to second Runner from 3rd tries for Home, SAFE, throw made home Thomas Dixon to third Sean Perkins to second
|
Batting: LHB Jim Knight
|
0-0: Swinging Strike 0-1: Ball 1-1: Swinging Strike 1-2: Ground out 6-3 (Groundball, 6M) Thomas Dixon scores Sean Perkins to third
|
Pitching: LHP Kent Smith
|
|
Batting: RHB Tom Lang
|
0-0: Ball 1-0: SINGLE (Flyball, 8LS) Sean Perkins scores
|
Batting: LHB Josh Pérez
|
0-0: Ball 1-0: Ball 2-0: Called Strike 2-1: Ball 3-1: Base on Balls Tom Lang to second
|
Batting: RHB Jerry Moore
|
0-0: Foul Ball, location: 2F 0-1: Ball 1-1: Called Strike 1-2: Ball 2-2: Fielders Choice at 2nd, 6-4 (Groundball, 6)
|
Bottom of the 3rd over - 3 run(s), 4 hit(s), 0 error(s), 1 left on base; Newark 0 - Butler 7 |
TOP OF THE 4TH |
Newark Bulldogs batting - Pitching for Butler White Sox : LHP Francisco Rodríguez
|
Batting: RHB Tony Long
|
0-0: Called Strike 0-1: Ground out 5-3 (Groundball, 56)
|
Batting: LHB Wes Thompson
|
0-0: Ball 1-0: Foul Ball, location: 2F 1-1: Foul Ball, location: 2F 1-2: Foul Ball, location: 2F 1-2: Fly out, F4 (Line Drive, 4)
|
Batting: LHB Gabriel Aragón
|
0-0: Ball 1-0: Fly out, F9 (Flyball, 89D)
|
Top of the 4th over - 0 run(s), 0 hit(s), 0 error(s), 0 left on base; Newark 0 - Butler 7 |
BOTTOM OF THE 4TH |
Butler White Sox batting - Pitching for Newark Bulldogs : LHP Kent Smith
|
Batting: RHB Luis Fuentes
|
0-0: Called Strike 0-1: Ball 1-1: Called Strike 1-2: Ground out 5-3 (Groundball, 56)
|
Batting: RHB Luis Ramos
|
0-0: Ground out 6-3 (Groundball, 6M)
|
Batting: RHB Bobby Murdock
|
0-0: SINGLE (Flyball, 9S)
|
Batting: LHB Thomas Dixon
|
0-0: Fly out, F7 (Line Drive, 78S)
|
Bottom of the 4th over - 0 run(s), 1 hit(s), 0 error(s), 1 left on base; Newark 0 - Butler 7 |
TOP OF THE 5TH |
Newark Bulldogs batting - Pitching for Butler White Sox : LHP Francisco Rodríguez
|
Batting: RHB Stan Simpson
|
0-0: Swinging Strike 0-1: Ground out 4-3 (Groundball, 4MS)
|
Batting: LHB Gerardo Guzmán
|
0-0: Called Strike 0-1: Called Strike 0-2: SINGLE (Line Drive, 9S)
|
Batting: RHB Peter Sexton
|
0-0: Swinging Strike 0-1: Ball 1-1: Called Strike 1-2: Grounds into double play, 6-4-3 (Groundball, 6)
|
Top of the 5th over - 0 run(s), 1 hit(s), 0 error(s), 0 left on base; Newark 0 - Butler 7 |
BOTTOM OF THE 5TH |
Butler White Sox batting - Pitching for Newark Bulldogs : LHP Kent Smith
|
Batting: LHB Sean Perkins
|
0-0: Ground out U3 (Groundball, 3S)
|
Batting: LHB Jim Knight
|
0-0: Called Strike 0-1: Ball 1-1: Foul Ball, location: 2F 1-2: Ball 2-2: Foul Ball, location: 2F 2-2: Foul Ball, location: 2F 2-2: Strikes out swinging
|
Batting: RHB Tom Lang
|
0-0: Ball 1-0: Fly out, F7 (Flyball, 7)
|
Bottom of the 5th over - 0 run(s), 0 hit(s), 0 error(s), 0 left on base; Newark 0 - Butler 7 |
TOP OF THE 6TH |
Newark Bulldogs batting - Pitching for Butler White Sox : LHP Francisco Rodríguez
|
Batting: RHB Ken McDonald
|
0-0: Ball 1-0: Ball 2-0: Ball 3-0: Base on Balls
|
Batting: RHB Norris Howard
|
0-0: Swinging Strike 0-1: Grounds into double play, 1-4-3 (Groundball, 15)
|
Batting: RHB Joe Baker
|
0-0: Ball 1-0: Foul Ball, location: 2F 1-1: Foul Ball, location: 2F 1-2: Ball 2-2: Ball 3-2: Strikes out swinging
|
Top of the 6th over - 0 run(s), 0 hit(s), 0 error(s), 0 left on base; Newark 0 - Butler 7 |
BOTTOM OF THE 6TH |
Butler White Sox batting - Pitching for Newark Bulldogs : LHP Kent Smith
|
Batting: LHB Josh Pérez
|
0-0: Ball 1-0: Called Strike 1-1: Ball 2-1: Foul Ball, location: 2F 2-2: Foul Ball, location: 2F 2-2: SINGLE (Line Drive, 56)
|
Batting: RHB Jerry Moore
|
0-0: Called Strike 0-1: Ball 1-1: Swinging Strike 1-2: Ball 2-2: Ball 3-2: TRIPLE (Line Drive, 8LS) Josh Pérez scores
|
Batting: RHB Luis Fuentes
|
0-0: Ball 1-0: Called Strike 1-1: Ball 2-1: Foul Ball, location: 2F 2-2: Strikes out swinging
|
Pitching: RHP Jesús Salazar
|
|
Batting: RHB Luis Ramos
|
0-0: Called Strike 0-1: Ball 1-1: Foul Ball, location: 2F 1-2: Foul Ball, location: 2F 1-2: Strikes out swinging
|
Batting: RHB Bobby Murdock
|
0-0: Swinging Strike 0-1: Foul Ball, location: 2F 0-2: Strikes out looking
|
Bottom of the 6th over - 1 run(s), 2 hit(s), 0 error(s), 1 left on base; Newark 0 - Butler 8 |
TOP OF THE 7TH |
Newark Bulldogs batting - Pitching for Butler White Sox : LHP Francisco Rodríguez
|
Pitching: RHP Bartho Manshert
|
|
Batting: RHB Tony Long
|
0-0: Foul Ball, location: 2F 0-1: Foul Ball, location: 2F 0-2: Strikes out looking
|
Batting: LHB Wes Thompson
|
0-0: Ball 1-0: Called Strike 1-1: Ball 2-1: Ground out 4-3 (Groundball, 4MS)
|
Batting: LHB Gabriel Aragón
|
0-0: Ball 1-0: Foul Ball, location: 2F 1-1: Ball 2-1: Ball 3-1: Foul Ball, location: 2F 3-2: Base on Balls
|
Batting: RHB Stan Simpson
|
0-0: Ball 1-0: Ball 2-0: DOUBLE (Line Drive, 9) Gabriel Aragón to third
|
Batting: LHB Gerardo Guzmán
|
0-0: Called Strike 0-1: Ball 1-1: Called Strike 1-2: Ground out 3-1 (Groundball, 34)
|
Top of the 7th over - 0 run(s), 1 hit(s), 0 error(s), 2 left on base; Newark 0 - Butler 8 |
BOTTOM OF THE 7TH |
Butler White Sox batting - Pitching for Newark Bulldogs : RHP Jesús Salazar
|
Batting: LHB Thomas Dixon
|
0-0: Ball 1-0: Ball 2-0: Ball 3-0: Base on Balls
|
Batting: LHB Sean Perkins
|
0-0: Foul Ball, location: 2F 0-1: Called Strike 0-2: Foul Ball, location: 2F 0-2: DOUBLE (Groundball, 3L) Thomas Dixon to third Runner from 3rd tries for Home, SAFE, no throw
|
Batting: LHB Jim Knight
|
0-0: Ball 1-0: 2-RUN HOME RUN (Flyball, 89XD), Distance : 394 ft
|
Batting: RHB Tom Lang
|
0-0: Called Strike 0-1: Ball 1-1: SINGLE (Groundball, 4MD)
|
Batting: LHB Josh Pérez
|
0-0: SINGLE (Flyball, 9S) Tom Lang to second
|
Pinch Hitting: LHB Félix Fernández
|
0-0: Ball 1-0: Foul Ball, location: 2F 1-1: Foul Ball, location: 2F 1-2: Grounds into double play, 4-6-3 (Groundball, 4) Tom Lang to third
|
Batting: RHB Luis Fuentes
|
0-0: Ball 1-0: Foul Ball, location: 2F 1-1: SINGLE (Flyball, 9LS) Tom Lang scores
|
Pitching: RHP Roberto Cordero
|
|
Batting: RHB Luis Ramos
|
0-0: SINGLE (Groundball, 34D) Luis Fuentes to second Runner from 2nd tries for 3rd, SAFE, no throw
|
Batting: RHB Bobby Murdock
|
0-0: Ball 1-0: Foul Ball, location: 2F 1-1: Foul Ball, location: 2F 1-2: Strikes out looking
|
Bottom of the 7th over - 4 run(s), 6 hit(s), 0 error(s), 2 left on base; Newark 0 - Butler 12 |
TOP OF THE 8TH |
Newark Bulldogs batting - Pitching for Butler White Sox : RHP Bartho Manshert
|
Now at 3B: Júlio Hernández
|
|
Pinch Hitting: RHB Michael Skinner
|
0-0: Ball 1-0: Ball 2-0: Ball 3-0: Base on Balls
|
Batting: RHB Ken McDonald
|
0-0: Swinging Strike 0-1: DOUBLE (Flyball, 8LXD) Michael Skinner to third
|
Batting: RHB Norris Howard
|
0-0: Called Strike 0-1: Called Strike 0-2: Strikes out swinging
|
Batting: RHB Joe Baker
|
0-0: Ball 1-0: SINGLE (Groundball, 6MD) Michael Skinner scores Ken McDonald to third Runner from 3rd tries for Home, SAFE, no throw
|
Batting: RHB Tony Long
|
0-0: Called Strike 0-1: Ball 1-1: Ball 2-1: Ball 3-1: Base on Balls Joe Baker to second
|
Batting: LHB Wes Thompson
|
0-0: Ball 1-0: Ball 2-0: Called Strike 2-1: Foul Ball, location: 2F 2-2: Fly out, F6 (Flyball, 6MD)
|
Batting: LHB Gabriel Aragón
|
0-0: Ball 1-0: Ball 2-0: Called Strike 2-1: Ball 3-1: Swinging Strike 3-2: 3-RUN HOME RUN (Flyball, 89XD), Distance : 396 ft
|
Batting: RHB Stan Simpson
|
0-0: Swinging Strike 0-1: Foul Ball, location: 2F 0-2: Ball 1-2: Ground out 5-3 (Groundball, 56S)
|
Top of the 8th over - 5 run(s), 3 hit(s), 0 error(s), 0 left on base; Newark 5 - Butler 12 |
BOTTOM OF THE 8TH |
Butler White Sox batting - Pitching for Newark Bulldogs : RHP Roberto Cordero
|
Now at SS: Larry Booth
|
|
Batting: LHB Thomas Dixon
|
0-0: SINGLE (Line Drive, 78S)
|
Batting: LHB Sean Perkins
|
0-0: Called Strike 0-1: Ball 1-1: Foul Ball, location: 2F 1-2: Fly out, F8 (Flyball, 8LS)
|
Batting: LHB Jim Knight
|
0-0: Called Strike 0-1: Ball 1-1: Called Strike Thomas Dixon is caught stealing 2nd base 1-2: Strikes out swinging
|
Bottom of the 8th over - 0 run(s), 1 hit(s), 0 error(s), 0 left on base; Newark 5 - Butler 12 |
TOP OF THE 9TH |
Newark Bulldogs batting - Pitching for Butler White Sox : RHP Bartho Manshert
|
Pitching: RHP Eric Wilson
|
|
Now at C: Mançio Delmage
|
|
Batting: LHB Gerardo Guzmán
|
0-0: Called Strike 0-1: Foul Ball, location: 2F 0-2: Foul Ball, location: 2F 0-2: Ball 1-2: SINGLE (Flyball, 7S)
|
Batting: RHB Larry Booth
|
0-0: Fly out, F8 (Line Drive, 8RM)
|
Batting: RHB Ken McDonald
|
0-0: Called Strike 0-1: Called Strike 0-2: Ball 1-2: DOUBLE (Line Drive, 7LM) Gerardo Guzmán to third
|
Batting: RHB Norris Howard
|
0-0: Foul Ball, location: 2F 0-1: Ball 1-1: Ball 2-1: Ground out 6-3 (Groundball, 6) Gerardo Guzmán scores
|
Batting: RHB Joe Baker
|
0-0: Ground out 4-3 (Groundball, 4)
|
Top of the 9th over - 1 run(s), 2 hit(s), 0 error(s), 1 left on base; Newark 6 - Butler 12 |
|